[Event "Titled Tuesday Blitz February 07 Late 2023"]
[White "Olenik Campa, Rudi"]
[Black "Esipenko, Andrey"]
[WhiteFideId "14633264"]
[BlackFideId "24175439"]
[WhiteElo "2356"]
[BlackElo "2679"]
[Result "0-1"]
[Round "02"]
[TimeControl "180+2"]
[Date "2023.02.07"]
[WhiteClock "0:00:05"]
[BlackClock "0:00:06"]

1. e4 e5 2. Nf3 Nc6 3. Bc4 Nf6 4. d3 Bc5 5. O-O d6 6. a4 a5 7. c3 h6 8. Nbd2 O-O 9. Re1 Ng4 10. Re2 Kh8 11. h3 f5 12. d4 exd4 13. cxd4 Nxd4 14. Nxd4 Nxf2 15. Rxf2 Bxd4 16. e5 dxe5 17. Qe2 Qf6 18. Nf3 Bxf2+ 19. Qxf2 e4 20. Nh4 Kh7 21. g3 Be6 22. Bxe6 Qxe6 23. Bd2 b6 24. Ng2 Rad8 25. Bc3 g5 26. Re1 Rd3 27. h4 f4 28. hxg5 Rxg3 29. Qd4 Rxg5 30. Rxe4 Qf7 31. Kf2 c5 32. Qd6 Rg6 33. Qe5 Rg5 34. Qd6 Rg6 35. Qe5 f3 36. Nh4 Rg2+ 37. Nxg2 fxg2+ 38. Kxg2 Qf1+ 39. Kg3 Rf3+ 40. Kg4 Qh3# 0-1


[Site "https://www.chess.com"]

[Event "Titled Tuesday Blitz February 07 Late 2023"]
[White "Kamsky, Gata"]
[Black "Korchmar, Vasiliy"]
[WhiteFideId "2000024"]
[BlackFideId "24131750"]
[WhiteElo "2665"]
[BlackElo "2438"]
[Result "1/2-1/2"]
[Round "02"]
[TimeControl "180+2"]
[Date "2023.02.07"]
[WhiteClock "0:00:17"]
[BlackClock "0:00:02"]

1. d4 d5 2. Bf4 Nf6 3. e3 c5 4. c3 Nc6 5. Nd2 Bf5 6. Ngf3 Qb6 7. dxc5 Qxc5 8. Qb3 Qb6 9. Qxb6 axb6 10. Nd4 Bd7 11. Nb5 Rc8 12. Be2 e5 13. Bg3 Be6 14. O-O Be7 15. Rfd1 O-O 16. Nf3 Nd7 17. h3 f6 18. Ne1 Nc5 19. Nd3 Rfd8 20. f3 Na5 21. Bf2 Nc4 22. b3 Nd6 23. Nxd6 Bxd6 24. Nb4 Bf8 25. Rac1 Rc7 26. Rd2 Nxb3 27. axb3 Bxb4 28. Rdc2 Rdc8 29. c4 dxc4 30. Bxc4 Bxc4 31. Rxc4 Rxc4 32. Rxc4 Rxc4 33. bxc4 Kf7 34. Kf1 Ke6 35. Ke2 Kd6 36. Kd3 Bc5 37. Be1 Kc6 38. e4 b5 39. Bd2 bxc4+ 40. Kxc4 b5+ 41. Kb3 Bd4 42. Bb4 Bc5 43. Ba5 Bd6 44. Bd2 Be7 45. Be3 g6 46. g4 Bd6 47. Bd2 Bc5 48. Bh6 Be7 49. Be3 Kb7 50. Bd2 Kc6 51. Be3 1/2-1/2


[Site "https://www.chess.com"]

[Event "Titled Tuesday Blitz February 07 Late 2023"]
[White "Czernek, Tymon"]
[Black "Urazayev, Arystanbek"]
[WhiteFideId "1199510"]
[BlackFideId "13709810"]
[WhiteElo "2314"]
[BlackElo "2460"]
[Result "0-1"]
[Round "02"]
[TimeControl "180+2"]
[Date "2023.02.07"]
[WhiteClock "0:01:01"]
[BlackClock "0:01:54"]

1. e4 e5 2. Nf3 Nc6 3. Bc4 Nf6 4. d3 Bc5 5. O-O d6 6. c3 a5 7. Nbd2 O-O 8. h3 h6 9. Re1 a4 10. Bb5 Bd7 11. Bxa4 Rxa4 12. Qxa4 Nb4 13. Qb3 Nxd3 14. Re2 Bc6 15. g3 Qd7 16. Kg2 Nxf2 17. Rxf2 Bxf2 18. Kxf2 Qxh3 19. Nf1 Nxe4+ 20. Kg1 Ng5 21. Bxg5 Bxf3 0-1


[Site "https://www.chess.com"]

[Event "Titled Tuesday Blitz February 07 Late 2023"]
[White "Aldokhin, Ivan"]
[Black "Yoo, Christopher Woojin"]
[WhiteFideId "24115720"]
[BlackFideId "30909694"]
[WhiteElo "2413"]
[BlackElo "2607"]
[Result "0-1"]
[Round "02"]
[TimeControl "180+2"]
[Date "2023.02.07"]
[WhiteClock "0:00:03"]
[BlackClock "0:00:03"]

1. e4 c6 2. Nc3 d5 3. Nf3 dxe4 4. Nxe4 Nf6 5. Nxf6+ exf6 6. d4 Bd6 7. Bc4 O-O 8. O-O Bg4 9. h3 Bh5 10. g4 Bg6 11. Nh4 Nd7 12. Nxg6 hxg6 13. Re1 Qc7 14. Qf3 b5 15. Bb3 Rfe8 16. Bd2 Nb6 17. Rxe8+ Rxe8 18. Re1 Rxe1+ 19. Bxe1 Qd7 20. Ba5 Nc4 21. Bxc4 bxc4 22. Qe2 f5 23. Kf1 Bf8 24. Qxc4 fxg4 25. hxg4 Qxg4 26. Qxc6 Qxd4 27. Bc3 Qd1+ 28. Kg2 Qxc2 29. Qa8 Qf5 30. f3 Qg5+ 31. Kf1 Qb5+ 32. Kg2 a6 33. a3 a5 34. Qxa5 Qe2+ 35. Kg3 Bd6+ 36. f4 Qe3+ 37. Kg2 Qe4+ 38. Kf2 Qxf4+ 39. Ke2 Qe4+ 40. Kd2 Bf4+ 41. Kd1 Qd3+ 42. Bd2 g5 43. Qa8+ Kh7 44. Qh1+ Kg6 45. Qc6+ Kh5 46. Qh1+ Kg4 47. Qg2+ Kf5 48. Qe2 Qb1+ 0-1


[Site "https://www.chess.com"]

[Event "Titled Tuesday Blitz February 07 Late 2023"]
[White "Chigaev, Maksim"]
[Black "Khripachenko, Alexander"]
[WhiteFideId "4108116"]
[BlackFideId "54184975"]
[WhiteElo "2628"]
[BlackElo "2110"]
[Result "0-1"]
[Round "02"]
[TimeControl "180+2"]
[Date "2023.02.07"]
[WhiteClock "0:00:05"]
[BlackClock "0:00:28"]

1. e4 e5 2. Nf3 Nf6 3. Nc3 Nc6 4. h3 d5 5. exd5 Nxd5 6. Bb5 Nxc3 7. bxc3 Bd6 8. O-O O-O 9. Re1 Qf6 10. d4 exd4 11. cxd4 Bf5 12. c3 h6 13. Bd3 Rfe8 14. Be3 Ne7 15. c4 c6 16. Rb1 b6 17. Qc2 Bxh3 18. Ne5 Bf5 19. Rbd1 Bxd3 20. Qxd3 Rad8 21. Qe4 Qe6 22. Bc1 Bxe5 23. dxe5 Qf5 24. Rxd8 Rxd8 25. Qh4 Rd7 26. e6 fxe6 27. Bb2 Ng6 28. Qg3 Rd2 29. Bc1 Rxa2 30. Be3 Rc2 31. c5 bxc5 32. Rd1 c4 33. Rd7 Rb2 34. Rxg7+ Kxg7 35. Bd4+ e5 36. Bxb2 Qb1+ 0-1


[Site "https://www.chess.com"]

[Event "Titled Tuesday Blitz February 07 Late 2023"]
[White "Cori T., Deysi"]
[Black "Dardha, Daniel"]
[WhiteFideId "3801934"]
[BlackFideId "240990"]
[WhiteElo "2362"]
[BlackElo "2631"]
[Result "0-1"]
[Round "02"]
[TimeControl "180+2"]
[Date "2023.02.07"]
[WhiteClock "0:00:01"]
[BlackClock "0:00:23"]

1. d4 Nf6 2. Nf3 g6 3. g3 b5 4. Bg2 Bb7 5. O-O Bg7 6. Bg5 O-O 7. Nbd2 Ne4 8. Nxe4 Bxe4 9. Qd2 d6 10. a4 a6 11. Qe3 d5 12. axb5 Qd7 13. bxa6 Nxa6 14. c3 f6 15. Bh6 c6 16. Bxg7 Kxg7 17. Nd2 Bxg2 18. Kxg2 Nc7 19. b4 Qd6 20. f4 Qe6 21. Qxe6 Nxe6 22. e4 Nc7 23. Kf3 Nb5 24. exd5 cxd5 25. Nb3 Nxc3 26. Nc5 Kf7 27. Ke3 Rfb8 28. Kd3 Nb5 29. Ra5 Ra7 30. Rfa1 Rc7 31. Re1 Rb6 32. g4 Nd6 33. Ra4 Nc4 34. Kc3 Nd6 35. Kd3 Rc8 36. h3 Nb5 37. Ra2 h5 38. Rae2 Rc7 39. Re6 Rxe6 40. Nxe6 Rc3+ 41. Kd2 Rxh3 42. Nd8+ Kf8 43. gxh5 gxh5 44. Nc6 h4 45. Rxe7 Nxd4 46. Rc7 Rh2+ 47. Ke3 Nf5+ 48. Kf3 Rc2 0-1


[Site "https://www.chess.com"]

[Event "Titled Tuesday Blitz February 07 Late 2023"]
[White "Makhnev, Denis"]
[Black "Goroshkov, Maksym"]
[WhiteFideId "13707647"]
[BlackFideId "14142716"]
[WhiteElo "2483"]
[BlackElo "2287"]
[Result "1-0"]
[Round "02"]
[TimeControl "180+2"]
[Date "2023.02.07"]
[WhiteClock "0:01:23"]
[BlackClock "0:01:58"]

1. d4 Nf6 2. c4 e5 3. dxe5 Ng4 4. Nf3 Nc6 5. Bf4 Bb4+ 6. Nbd2 Qe7 7. a3 Ngxe5 8. Nxe5 Nxe5 9. e3 Bxd2+ 10. Qxd2 d6 11. Qc3 b6 12. Be2 Bb7 13. O-O O-O 14. Bg3 Rad8 15. f3 f5 16. Rae1 Qf6 17. Rc1 Rfe8 18. Rfe1 Nd7 19. b4 Re7 20. Qxf6 Nxf6 21. Bd3 g6 22. Bf1 Rde8 23. c5 dxc5 24. bxc5 Rxe3 25. Rxe3 Rxe3 26. c6 Bc8 27. Bxc7 Rxa3 28. Rd1 Be6 29. Be5 Kf7 30. c7 Ra2 31. Bc4 Rc2 32. c8=Q Rxc4 33. Qb7+ Nd7 34. Rxd7+ 1-0


[Site "https://www.chess.com"]

[Event "Titled Tuesday Blitz February 07 Late 2023"]
[White "Atanasov, Anthony"]
[Black "Alekseenko, Kirill"]
[WhiteFideId "2623897"]
[BlackFideId "4135539"]
[WhiteElo "2368"]
[BlackElo "2686"]
[Result "0-1"]
[Round "02"]
[TimeControl "180+2"]
[Date "2023.02.07"]
[WhiteClock "0:00:01"]
[BlackClock "0:00:56"]

1. d4 d5 2. Bf4 Nf6 3. e3 e6 4. Nf3 c5 5. Nbd2 Nc6 6. c3 Be7 7. Bd3 O-O 8. Ne5 Nd7 9. h4 f5 10. Ndf3 c4 11. Bc2 Nf6 12. Ng5 Qe8 13. h5 h6 14. Ng6 hxg5 15. Bxg5 Ne4 16. Bxe7 Nxe7 17. Nxf8 Qxf8 18. Bxe4 fxe4 19. Qg4 e5 20. Qg5 Qf6 21. Qxe5 Qxe5 22. dxe5 Nc6 23. h6 g6 24. f4 exf3 25. gxf3 Nxe5 26. Ke2 Bf5 27. Rag1 Bd3+ 28. Kf2 Kh7 29. Rg5 Bf5 30. e4 dxe4 31. fxe4 Bxe4 32. Rh4 Nf3 33. Rxe4 Nxg5 34. Rxc4 Kxh6 35. Rc7 Rf8+ 36. Kg2 Rf7 0-1


[Site "https://www.chess.com"]

[Event "Titled Tuesday Blitz February 07 Late 2023"]
[White "Ibarra Jerez, Jose Carlos"]
[Black "Ladan, Nicholas"]
[WhiteFideId "2226332"]
[BlackFideId "30918855"]
[WhiteElo "2563"]
[BlackElo "2228"]
[Result "1-0"]
[Round "02"]
[TimeControl "180+2"]
[Date "2023.02.07"]
[WhiteClock "0:00:25"]
[BlackClock "0:00:23"]

1. Nf3 d5 2. g3 Nf6 3. Bg2 Bg4 4. h3 Bxf3 5. Bxf3 Nbd7 6. O-O h5 7. d4 g5 8. Bxg5 Rg8 9. h4 Nh7 10. Bf4 e6 11. Bg2 Be7 12. e3 Nhf6 13. c4 c6 14. cxd5 cxd5 15. Nc3 Ng4 16. Nb5 Rc8 17. Rc1 a6 18. Nc7+ Kf8 19. Qc2 Nb6 20. Qh7 Bd6 21. Bh6+ Nxh6 22. Qxh6+ Ke7 23. Nxe6 fxe6 24. Qh7+ Kf8 25. Qxb7 Rxc1 26. Rxc1 Nc4 27. b3 Nb6 28. Rc6 Bxg3 29. fxg3 Rxg3 30. Rxb6 Qxh4 31. Qb8+ Kf7 32. Rb7+ Kg6 33. Qg8+ Kf5 34. Rf7+ 1-0


[Site "https://www.chess.com"]

[Event "Titled Tuesday Blitz February 07 Late 2023"]
[White "Sielecki, Christof"]
[Black "Indjic, Aleksandar"]
[WhiteFideId "4620437"]
[BlackFideId "911925"]
[WhiteElo "2419"]
[BlackElo "2618"]
[Result "1/2-1/2"]
[Round "02"]
[TimeControl "180+2"]
[Date "2023.02.07"]
[WhiteClock "0:00:16"]
[BlackClock "0:00:10"]

1. e4 c6 2. d4 d5 3. exd5 cxd5 4. Bd3 Nc6 5. c3 e6 6. Nf3 Bd6 7. O-O Nge7 8. Re1 f6 9. c4 O-O 10. Nc3 a6 11. a3 Kh8 12. h3 Bd7 13. b4 Rc8 14. c5 Bb8 15. Bb2 h6 16. Bc2 g5 17. Qe2 Kg7 18. Rad1 Qe8 19. Nh2 Qf7 20. Ng4 Ng6 21. Bc1 f5 22. Ne5 Ncxe5 23. dxe5 Bxe5 24. Bb2 Bf6 25. Qd2 Rcd8 26. Na4 Bxa4 27. Bxf6+ Qxf6 28. Bxa4 h5 29. c6 bxc6 30. Bxc6 g4 31. h4 Nxh4 32. b5 axb5 33. Bxb5 Ng6 34. Rc1 e5 35. Rc6 Rd6 36. Rxd6 Qxd6 37. a4 h4 38. Rc1 Nf4 39. Rc6 Qa3 40. Bf1 g3 41. fxg3 Qxg3 42. Rc3 Qg5 43. Kh1 d4 44. Rc7+ Rf7 45. Rc6 Ne6 46. Qe1 e4 47. Qf2 Qf6 48. a5 Re7 49. Bc4 Qe5 50. Bxe6 Rxe6 51. Rxe6 Qxe6 52. Qxh4 Kg6 53. Qg3+ Kf7 54. Qc7+ Kg8 55. Qd8+ Kf7 56. Qc7+ Kg8 57. Qb6 Qd5 58. a6 f4 59. a7 Qh5+ 60. Kg1 Qd1+ 61. Kh2 Qh5+ 62. Kg1 Qd1+ 63. Kh2 Qh5+ 64. Kg1 1/2-1/2


[Site "https://www.chess.com"]

[Event "Titled Tuesday Blitz February 07 Late 2023"]
[White "Svane, Frederik"]
[Black "Sourath Biswas"]
[WhiteFideId "12923044"]
[BlackFideId "35091484"]
[WhiteElo "2600"]
[BlackElo "2281"]
[Result "1-0"]
[Round "02"]
[TimeControl "180+2"]
[Date "2023.02.07"]
[WhiteClock "0:00:30"]
[BlackClock "0:00:17"]

1. c4 Nf6 2. Nc3 g6 3. g3 Bg7 4. Bg2 O-O 5. d3 d6 6. Rb1 a5 7. Nf3 e5 8. O-O Re8 9. a3 e4 10. dxe4 Nxe4 11. Nxe4 Rxe4 12. b3 Bf5 13. Bb2 a4 14. Bxg7 Kxg7 15. Nd2 Rd4 16. e3 Rxd2 17. Qxd2 Bxb1 18. Bxb7 axb3 19. Bxa8 Bc2 20. Be4 Bxe4 21. Qd4+ Qf6 22. Qxe4 Nd7 23. Rb1 Nc5 24. Qd4 g5 25. a4 Kg6 26. Qxf6+ Kxf6 27. a5 d5 28. cxd5 Ke5 29. Rxb3 Kxd5 30. Rc3 Na6 31. Kf1 c5 32. Ke2 Kc6 33. Rb3 Nb4 34. Kd2 Kb5 35. Ra3 c4 36. Kc3 Nd5+ 37. Kd4 Nb4 38. a6 Nc2+ 39. Kc3 Nxa3 40. a7 Kc5 41. a8=Q Nb5+ 42. Kc2 Kb4 43. Qf8+ Ka4 44. Qxf7 Kb4 45. Qe7+ Ka4 46. Qxg5 Kb4 47. Qe7+ Ka4 48. Qxh7 Kb4 49. Qe7+ Ka4 50. h4 c3 51. h5 1-0


[Site "https://www.chess.com"]

[Event "Titled Tuesday Blitz February 07 Late 2023"]
[White "Czopor, Maciej"]
[Black "Suleymanli, Aydin"]
[WhiteFideId "21805431"]
[BlackFideId "13413937"]
[WhiteElo "2385"]
[BlackElo "2560"]
[Result "1-0"]
[Round "02"]
[TimeControl "180+2"]
[Date "2023.02.07"]
[WhiteClock "0:00:05"]
[BlackClock "0:01:06"]

1. c4 e6 2. Nc3 d5 3. e3 a6 4. Nf3 Nf6 5. b3 c5 6. cxd5 exd5 7. d4 Nc6 8. Be2 cxd4 9. Nxd4 Bb4 10. Bd2 Nxd4 11. exd4 Qa5 12. Rc1 Bf5 13. O-O Rc8 14. Nb1 Rxc1 15. Qxc1 O-O 16. Bxb4 Qxb4 17. Qb2 Rc8 18. a3 Qb6 19. Bd1 Bxb1 20. Qxb1 Qxd4 21. Bf3 g6 22. Rd1 Qc4 23. bxc4 1-0


[Site "https://www.chess.com"]

[Event "Titled Tuesday Blitz February 07 Late 2023"]
[White "Kozak, Adam"]
[Black "Koc, Przemyslaw"]
[WhiteFideId "753246"]
[BlackFideId "1109081"]
[WhiteElo "2572"]
[BlackElo "2346"]
[Result "1-0"]
[Round "02"]
[TimeControl "180+2"]
[Date "2023.02.07"]
[WhiteClock "0:00:36"]
[BlackClock "0:00:29"]

1. e4 e5 2. Nf3 Nf6 3. Nc3 d6 4. d4 Nbd7 5. h3 Be7 6. Be3 c6 7. Qd2 Qc7 8. O-O-O b5 9. Bd3 a5 10. g4 a4 11. g5 Nh5 12. d5 b4 13. dxc6 bxc3 14. cxd7+ Bxd7 15. Qxc3 Qxc3 16. bxc3 Be6 17. Kd2 O-O 18. a3 f6 19. gxf6 Bxf6 20. Rdg1 d5 21. Ng5 Bxg5 22. Rxg5 Nf6 23. Rxe5 Bf7 24. exd5 Nxd5 25. Bd4 Nf4 26. Rg1 Nxd3 27. cxd3 Bg6 28. h4 Rab8 29. Rg2 Rb2+ 30. Ke3 Ra2 31. h5 Bf7 32. Re7 g6 33. hxg6 hxg6 34. Rh2 1-0


[Site "https://www.chess.com"]

[Event "Titled Tuesday Blitz February 07 Late 2023"]
[White "Moussard, Jules"]
[Black "Shapiro, Viktor"]
[WhiteFideId "642908"]
[BlackFideId "4175700"]
[WhiteElo "2644"]
[BlackElo "2192"]
[Result "1-0"]
[Round "02"]
[TimeControl "180+2"]
[Date "2023.02.07"]
[WhiteClock "0:00:43"]
[BlackClock "0:00:19"]

1. b3 Nf6 2. Bb2 d5 3. e3 Bf5 4. h3 e6 5. g4 Bg6 6. d3 Be7 7. Nf3 O-O 8. Nbd2 a5 9. a3 c5 10. a4 Nc6 11. Nh4 Nd7 12. Nxg6 fxg6 13. Bg2 Bf6 14. c3 Nde5 15. Qe2 Bh4 16. O-O Qb6 17. d4 Nd7 18. Ba3 Be7 19. Qb5 cxd4 20. Bxe7 Qxb5 21. axb5 Nxe7 22. exd4 Rfc8 23. c4 Nb6 24. c5 Nd7 25. f4 Nxc5 26. dxc5 Rxc5 27. Rfe1 Kf7 28. Nf3 Rxb5 29. Ng5+ Kg8 30. Rxe6 Nc6 31. Rae1 Rf8 32. Rd6 Nb4 33. Re7 h6 34. Rdd7 Rf6 35. Rxg7+ Kf8 36. Nh7+ 1-0


[Site "https://www.chess.com"]

[Event "Titled Tuesday Blitz February 07 Late 2023"]
[White "Baskakov, Egor"]
[Black "Kourkoulos-Arditis, Stamatis"]
[WhiteFideId "24197866"]
[BlackFideId "4221990"]
[WhiteElo "2215"]
[BlackElo "2539"]
[Result "1-0"]
[Round "02"]
[TimeControl "180+2"]
[Date "2023.02.07"]
[WhiteClock "0:00:20"]
[BlackClock "0:00:17"]

1. e4 c5 2. Nf3 d6 3. d4 cxd4 4. Nxd4 Nf6 5. Nc3 Nc6 6. Nde2 g6 7. g3 Bg7 8. Bg2 O-O 9. h3 Rb8 10. a4 a6 11. O-O b5 12. axb5 axb5 13. Be3 b4 14. Nd5 Nxd5 15. exd5 Na5 16. Bd4 Ba6 17. Bxg7 Kxg7 18. Re1 Bxe2 19. Qd4+ Kg8 20. Rxe2 Qc7 21. Rae1 Rfe8 22. b3 Rb5 23. Qh4 Rb7 24. Qf4 Qc5 25. h4 Rc7 26. h5 Nb7 27. h6 Nd8 28. Qf6 Qc3 29. Rxe7 Rf8 30. R1e5 1-0


[Site "https://www.chess.com"]

[Event "Titled Tuesday Blitz February 07 Late 2023"]
[White "Chan, Luis"]
[Black "Perez Ponsa, Federico"]
[WhiteFideId "3216357"]
[BlackFideId "117927"]
[WhiteElo "2208"]
[BlackElo "2532"]
[Result "0-1"]
[Round "02"]
[TimeControl "180+2"]
[Date "2023.02.07"]
[WhiteClock "0:00:04"]
[BlackClock "0:00:07"]

1. b3 Nf6 2. Bb2 g6 3. Bxf6 exf6 4. c4 d5 5. cxd5 Qxd5 6. Nc3 Qd8 7. g3 Bg7 8. e3 O-O 9. Bg2 f5 10. Nge2 Na6 11. O-O c5 12. d4 cxd4 13. Nxd4 h5 14. Nd5 h4 15. Rc1 hxg3 16. hxg3 Bd7 17. Nf4 Rb8 18. Bd5 Qf6 19. Qf3 b6 20. Nc6 Rbe8 21. Nxa7 Nc5 22. Rfd1 Re7 23. b4 Ne4 24. Nc6 Ree8 25. b5 Bh6 26. Bb3 Bxf4 27. Rxd7 Nxg3 28. Rcd1 Bxe3 29. fxe3 Qg5 30. Kf2 Ne4+ 31. Ke2 Nc3+ 32. Kd2 Nxd1 33. Bxd1 Qf6 34. Bb3 Qb2+ 35. Ke1 Qf6 36. Ke2 f4 37. e4 Kg7 38. e5 Qf5 39. Rd4 g5 40. Kd2 Rh8 41. Kc3 Rh3 42. Qxh3 Qxh3+ 43. Kb4 Qe3 44. Rd7 Qc5+ 45. Ka4 Ra8+ 46. Na7 Qxe5 47. Rxf7+ Kh6 48. Bc2 Qd4+ 49. Kb3 Qd5+ 50. Kb2 Qxf7 0-1


[Site "https://www.chess.com"]

[Event "Titled Tuesday Blitz February 07 Late 2023"]
[White "Cella, Glaucio Dalla Cortt"]
[Black "Melkumyan, Hrant"]
[WhiteFideId "2119455"]
[BlackFideId "13302485"]
[WhiteElo "1894"]
[BlackElo "2645"]
[Result "1/2-1/2"]
[Round "02"]
[TimeControl "180+2"]
[Date "2023.02.07"]
[WhiteClock "0:00:18"]
[BlackClock "0:00:06"]

1. e4 c6 2. Nf3 d5 3. exd5 cxd5 4. d4 Nf6 5. c3 g6 6. Be2 Nc6 7. O-O Bf5 8. Ne5 Bg7 9. Qb3 Qc8 10. Bf4 O-O 11. Nd2 Nd7 12. Nxc6 bxc6 13. Nf3 Bg4 14. h3 Bxf3 15. Bxf3 e6 16. Rfe1 a5 17. a4 c5 18. Bd6 cxd4 19. Bxf8 Qxf8 20. cxd4 Bxd4 21. Rad1 Rb8 22. Qa3 Bc5 23. Qa1 Rb4 24. Qc1 Rxa4 25. Bxd5 exd5 26. Rxd5 Rd4 27. Rxd4 Bxd4 28. Qd2 Qc5 29. Rd1 Be5 30. Qxd7 Bxb2 31. Qd6 Qxd6 32. Rxd6 a4 33. Ra6 a3 34. Kf1 Kf8 35. Ke2 Ke7 36. f3 h5 37. g4 hxg4 38. hxg4 Kd7 39. Kd3 Kc7 40. Kc2 Kd7 41. Kb3 Ke7 42. f4 Bc1 43. f5 gxf5 44. gxf5 Bb2 45. f6+ Kd7 46. Ka2 Bc1 47. Kb3 Bb2 48. Ka2 Bc1 49. Kb3 Bb2 1/2-1/2


[Site "https://www.chess.com"]

[Event "Titled Tuesday Blitz February 07 Late 2023"]
[White "Hirneise, Jens"]
[Black "Jones, Gawain C B"]
[WhiteFideId "24614734"]
[BlackFideId "409561"]
[WhiteElo "2277"]
[BlackElo "2618"]
[Result "0-1"]
[Round "02"]
[TimeControl "180+2"]
[Date "2023.02.07"]
[WhiteClock "0:00:19"]
[BlackClock "0:00:45"]

1. e4 c5 2. Nc3 g6 3. g3 Bg7 4. Bg2 Nc6 5. Nge2 Rb8 6. O-O b5 7. d3 b4 8. Nd5 e6 9. Ne3 Nge7 10. f4 d5 11. f5 gxf5 12. exf5 exf5 13. Nf4 Be6 14. Nxe6 fxe6 15. Qh5+ Kd7 16. Re1 Qe8 17. Qd1 Qg6 18. a3 bxa3 19. Rxa3 Bxb2 20. Bxb2 Rxb2 21. Qa1 Rhb8 22. Ra2 Rxa2 23. Qxa2 Qf6 24. Qa3 Qd4 25. c3 Qxd3 26. Qxc5 Rb1 27. Rxb1 Qxb1+ 28. Bf1 Qb6 29. Qxb6 axb6 30. Kf2 Ne5 31. h3 Kd6 32. Be2 Kc5 33. Ng2 N7g6 34. h4 d4 35. cxd4+ Kxd4 36. h5 Nf8 37. Nf4 Ng4+ 38. Ke1 e5 39. Nh3 Nf6 40. Ng5 Ne4 41. Nf3+ Kd5 42. Nh4 Nxg3 43. Bf3+ e4 44. Bd1 f4 45. Kf2 Ke5 46. Bb3 Ne6 47. Ng2 e3+ 48. Ke1 Nd4 49. Bd1 Ke4 50. Nh4 f3 51. Ba4 f2+ 52. Kd1 f1=Q# 0-1


[Site "https://www.chess.com"]

[Event "Titled Tuesday Blitz February 07 Late 2023"]
[White "Swiercz, Dariusz"]
[Black "Taboas Rodriguez, Daniel"]
[WhiteFideId "1126881"]
[BlackFideId "2208466"]
[WhiteElo "2637"]
[BlackElo "2371"]
[Result "1-0"]
[Round "02"]
[TimeControl "180+2"]
[Date "2023.02.07"]
[WhiteClock "0:01:00"]
[BlackClock "0:01:13"]

1. d4 Nf6 2. Bg5 d5 3. e3 e6 4. Nd2 Be7 5. Bd3 c5 6. c3 h6 7. Bh4 b6 8. Ngf3 Bb7 9. Ne5 O-O 10. f4 Ne4 11. Bxe7 Qxe7 12. O-O Nd7 13. Qe2 Nxd2 14. Qxd2 Nf6 15. a4 a5 16. Qe2 Ne4 17. Rfd1 Rfd8 18. Rac1 f6 19. Nf3 Bc6 20. Ra1 Qe8 21. Qc2 Rac8 22. Nd2 Nxd2 23. Rxd2 e5 24. Bg6 Qe7 25. fxe5 fxe5 26. Rf2 Be8 27. Raf1 cxd4 28. Bh7+ Kh8 29. Rf8+ 1-0


[Site "https://www.chess.com"]

[Event "Titled Tuesday Blitz February 07 Late 2023"]
[White "Brodowski, Piotr"]
[Black "Zhigalko, Sergei"]
[WhiteFideId "1124480"]
[BlackFideId "13502956"]
[WhiteElo "2457"]
[BlackElo "2572"]
[Result "0-1"]
[Round "02"]
[TimeControl "180+2"]
[Date "2023.02.07"]
[WhiteClock "0:01:56"]
[BlackClock "0:02:05"]

1. c4 e5 2. Nc3 Nf6 3. Nf3 Nc6 4. e4 Bb4 5. d3 d6 6. a3 Bc5 7. b4 Bb6 8. Na4 Bg4 9. Bb2 Bd4 10. Be2 Bxf3 11. Bxf3 Bxb2 12. Nxb2 Nd4 13. O-O O-O 14. Be2 a5 15. b5 Nd7 16. Na4 Qg5 17. Nc3 Nc5 18. g3 f5 19. Bf3 Nxf3+ 20. Qxf3 fxe4 21. Nxe4 Rxf3 22. Nxg5 Rxd3 23. f4 h6 24. Nf3 exf4 25. gxf4 Re8 26. f5 Re4 27. f6 gxf6 28. Kh1 0-1


[Site "https://www.chess.com"]

[Event "Titled Tuesday Blitz February 07 Late 2023"]
[White "Bacrot, Etienne"]
[Black "O`Gorman, Tom"]
[WhiteFideId "605506"]
[BlackFideId "2508249"]
[WhiteElo "2667"]
[BlackElo "2355"]
[Result "1-0"]
[Round "02"]
[TimeControl "180+2"]
[Date "2023.02.07"]
[WhiteClock "0:00:04"]
[BlackClock "0:00:13"]

1. e4 e5 2. Nf3 Nc6 3. Bb5 a6 4. Ba4 Nf6 5. O-O Be7 6. Qe1 b5 7. Bb3 d6 8. d3 O-O 9. Nc3 Na5 10. h3 Nxb3 11. axb3 Bb7 12. Bd2 h6 13. Ne2 Nh5 14. g4 Nf6 15. Ng3 Re8 16. c4 Nh7 17. Qc1 Ng5 18. Nxg5 Bxg5 19. f4 exf4 20. Bxf4 Bf6 21. Nh5 Bd4+ 22. Be3 Bxe3+ 23. Qxe3 Qg5 24. Rf4 Bc6 25. Raf1 f6 26. Qf2 Rab8 27. Rf5 Qg6 28. Qd4 Re5 29. Qa7 Qe8 30. Rxe5 dxe5 31. Rxf6 Rb7 32. Qc5 Bd7 33. Rf3 bxc4 34. Qxc4+ Kh7 35. Qd5 Rb5 36. Qc4 Be6 37. Qxc7 Qd7 38. Qxd7 Bxd7 39. Rf7 Be8 40. Rxg7+ Kh8 41. Re7 Bxh5 42. gxh5 Rxb3 43. Rxe5 Rxd3 44. Re6 Rxh3 45. Rxa6 Rxh5 46. Rb6 Kg7 47. Rb4 Kf6 48. Kg2 Rc5 49. Kf3 Ke5 50. Ke3 Ra5 51. Rb8 Ra4 52. Rb5+ Ke6 53. Kf4 Ra2 54. Rb6+ Ke7 55. Kf5 h5 56. e5 Ra1 57. Rb7+ Ke8 58. Kf6 Ra8 59. e6 1-0


[Site "https://www.chess.com"]

[Event "Titled Tuesday Blitz February 07 Late 2023"]
[White "Ortega Amarelle, Mariano"]
[Black "Rustemov, Alexander"]
[WhiteFideId "3504301"]
[BlackFideId "4119002"]
[WhiteElo "2472"]
[BlackElo "2525"]
[Result "1/2-1/2"]
[Round "02"]
[TimeControl "180+2"]
[Date "2023.02.07"]
[WhiteClock "0:00:07"]
[BlackClock "0:00:12"]

1. e4 e6 2. d4 d5 3. e5 c5 4. c3 Qb6 5. Nf3 Bd7 6. Bd3 cxd4 7. cxd4 Bb5 8. Bxb5+ Qxb5 9. Nc3 Bb4 10. Nd2 Bxc3 11. bxc3 Ne7 12. Ba3 Nbc6 13. h4 Qa6 14. Bxe7 Nxe7 15. h5 h6 16. Rh3 Rc8 17. g4 Kd7 18. f4 Rc7 19. Qe2 Qa3 20. Qb5+ Kc8 21. Qb3 Qa6 22. Kf2 Kb8 23. Rb1 Rhc8 24. a4 Nc6 25. Qb5 Qxb5 26. axb5 Na5 27. Rc1 Nc4 28. Nxc4 Rxc4 29. f5 Rxd4 30. cxd4 Rxc1 31. f6 gxf6 32. exf6 Rc8 33. g5 hxg5 34. h6 a5 35. bxa6 bxa6 36. Kg3 Kc7 37. Kg4 Rh8 38. h7 Kd6 39. Kxg5 e5 40. dxe5+ Kxe5 41. Re3+ Kd6 42. Kh6 d4 43. Re7 d3 44. Re3 d2 45. Rd3+ Ke5 46. Rxd2 Kxf6 47. Rf2+ Ke5 48. Kg7 Rxh7+ 49. Kxh7 Kd4 50. Ra2 f5 51. Ra4+ Ke3 52. Rxa6 f4 53. Re6+ Kd3 54. Rf6 Ke3 55. Kg6 f3 56. Kg5 f2 57. Kg4 Ke2 58. Kg3 f1=Q 59. Rxf1 Kxf1 1/2-1/2


[Site "https://www.chess.com"]

[Event "Titled Tuesday Blitz February 07 Late 2023"]
[White "Golubev, Mikhail"]
[Black "Grigorov, Grigor"]
[WhiteFideId "14100983"]
[BlackFideId "2907313"]
[WhiteElo "2461"]
[BlackElo "2510"]
[Result "0-1"]
[Round "02"]
[TimeControl "180+2"]
[Date "2023.02.07"]
[WhiteClock "0:00:01"]
[BlackClock "0:00:09"]

1. e4 c6 2. d4 d5 3. Nc3 dxe4 4. Nxe4 Nf6 5. Nxf6+ exf6 6. c3 Bd6 7. Bd3 Na6 8. Ne2 Nc7 9. Qc2 h5 10. Bf4 Nd5 11. Bxd6 Qxd6 12. O-O-O Kf8 13. Kb1 g6 14. h4 b5 15. Be4 Be6 16. Rhe1 Kg7 17. g3 a5 18. Ka1 a4 19. Nc1 b4 20. cxb4 Nxb4 21. Qc5 Qb8 22. a3 Nd5 23. Bb1 Ra6 24. Ba2 Rb6 25. Rd2 Qb7 26. Nd3 Rb8 27. Qc1 Bf5 28. Nc5 Qa7 29. Bxd5 cxd5 30. Qc3 Rb5 31. Rde2 Qa8 32. Qe3 Qc6 33. Qf4 Qb6 34. Qd2 Rxc5 35. dxc5 Qxc5 36. Rc1 Qd6 37. Qf4 Qb6 38. f3 d4 39. g4 d3 40. Rd2 Be6 41. Qb4 Qa7 42. Qd6 Qb7 43. Qb4 Qa8 44. Qd6 Rb3 45. g5 Qxf3 46. gxf6+ Qxf6 47. Qc6 Rxa3+ 0-1


[Site "https://www.chess.com"]